 Dungeon Crawl Stone Soup version 0.18.1-8-gdd0e5ea (webtiles) character file.

3012 juanjsm the Covert (level 9, -16/44 HPs)
             Began as a Spriggan Enchanter on June 2, 2016.
             Was a Follower of Ashenzari.
             Demolished by an orc warlord
             ... wielding a +0 great mace
              (24 damage)
             ... in a bailey.
             The game lasted 00:38:12 (6732 turns).

juanjsm the Covert (Spriggan Enchanter)             Turns: 6732, Time: 00:38:13

Health: -16/44     AC:  2    Str:  4    XL:     9   Next: 55%
Magic:  1/20       EV: 22    Int: 20    God:    Ashenzari [*.....]
Gold:   439        SH:  3    Dex: 16    Spells: 4 memorised, 13 levels left

rFire  . . .     SeeInvis +     x - +1 dagger (venom) (curse)
rCold  + . .     Gourm    .     E - +0 robe {rF+}
rNeg   . . .     Faith    .     (shield restricted)
rPois  +         Spirit   .     (helmet restricted)
rElec  .         Dismiss  .     (no cloak)
rCorr  .         Reflect  +     (gloves unavailable)
SustAt .         Harm     .     (boots unavailable)
MR     +....                    q - +3 amulet of reflection (curse)
Stlth  ++++++....               t - ring of ice
                                B - ring of poison resistance (curse)

@: very quick, somewhat resistant to hostile enchantments, very stealthy
A: unfitting armour, see invisible, herbivore 3, speed 3, slow metabolism 2
a: Curse Item, Scrying, Renounce Religion


You were in a bailey.
You worshipped Ashenzari.
Ashenzari was aware of your devotion.
You were not hungry.

You visited 2 branches of the dungeon, and saw 9 of its levels.
You also visited: Sewer and Bailey.

You collected 439 gold pieces.

Inventory:

Hand Weapons
 x - a cursed +1 dagger of venom (weapon)
 y - a +2 dagger of venom
 z - a +4 hand axe
 C - a +1 dagger of pain
Armour
 n - a +0 buckler
 E - a +0 robe of fire resistance (worn)
Jewellery
 j - an uncursed ring of resist corrosion
 q - a cursed +3 amulet of reflection (around neck)
 t - a ring of ice (right hand)
 B - a cursed ring of poison resistance (left hand)
Scrolls
 b - a scroll of noise {unknown}
 e - a scroll of random uselessness {unknown}
 f - 4 scrolls of magic mapping
 g - 2 scrolls of immolation
 i - 2 scrolls of identify
 k - 2 scrolls of blinking
 l - 5 scrolls of enchant weapon {unknown}
 v - a scroll of teleportation {unknown}
 w - 4 scrolls of enchant armour {unknown}
 A - a scroll of fog {unknown}
Potions
 a - 3 potions of flight
 h - 3 potions of lignification
 m - a potion of might
 o - 4 potions of curing
 r - a potion of brilliance
 s - a potion of beneficial mutation
 F - 2 potions of magic {unknown}
 G - a potion of agility {unknown}
Books
 c - a book of Maledictions

   Spells                             Type                      Level
   a - Corona                         Hexes                        1
   b - Ensorcelled Hibernation        Hexes/Ice                    2
   c - Confuse                        Hexes                        3
   d - Tukima's Dance                 Hexes                        3
   e - Dazzling Spray                 Conjuration/Hexes            3
 p - a book of Alchemy

   Spells                             Type                      Level
   a - Sublimation of Blood           Necromancy                   2
   b - Ignite Poison                  Fire/Transmutation/Poison    3
   c - Petrify                        Transmutation/Earth          4
   d - Alistair's Intoxication        Transmutation/Poison         5
   e - Irradiate                      Conjuration/Transmutation    5
Comestibles
 d - 4 bread rations
 D - 2 slices of pizza


   Skills:
 * Level 3.1 Fighting
 * Level 4.4 Short Blades
 * Level 7.1 Dodging
 * Level 11.5 Stealth
 * Level 3.1 Shields
 * Level 7.1 Spellcasting
 + Level 0.1 Conjurations
 + Level 6.1 Hexes
 - Level 1.7 Ice Magic


You had 13 spell levels left.
You knew the following spells:

 Your Spells              Type           Power        Failure   Level  Hunger
a - Corona                Hex            ####...      1%          1    None
b - Ensorcelled Hibernat  Hex/Ice        ####..       2%          2    None
c - Confuse               Hex            ####....     2%          3    #......
d - Dazzling Spray        Conj/Hex       ###.....     10%         3    #......


Dungeon Overview and Level Annotations

Branches:
Dungeon (8/15)             Temple (1/1) D:4
   Lair: D:8-11

Altars:
Ashenzari
Dithmenos
Elyvilon
Fedhas
Gozag
Kikubaaqudgha
Makhleb
Nemelex Xobeh
Okawaru
Pakellas
Qazlal
Ru
Sif Muna
Trog
Vehumet
Xom
Yredelemnul
Zin
The Shining One


Innate Abilities, Weirdness & Mutations

You are tiny and cannot use many weapons and most armour.
You have supernaturally acute eyesight.
You are a herbivore.
You cover ground extremely quickly.
You need consume almost no food.


Message History

The orc knight looks even sicker.
The orc knight is severely wounded.
The orc knight barely misses the orc knight.
You block the orc warrior's attack.
You barely miss the orc knight.
The orc knight is severely wounded.
The orc knight hits you with a war axe!
* * * LOW HITPOINT WARNING * * *
You hit the orc knight but do no damage.
The orc knight is almost dead.
The orc warrior barely misses you.
The orc knight laughs crazily.
The orc warrior barely misses you.
The orc knight wonders, "What am I doing in here?"
You kill the orc knight!
Your Dodging skill increases to level 7!
Your Hexes skill increases to level 6!
The orc warlord hits you with a great mace!!
Ouch! That really hurt!
You die...

##88.88##.........##
###o###.....⌠..o..#
#gg. ##.........##
...oog #.........#
...go..##.).....##
..g......#..)....#
#.........##..)))##
...........####o##
##...@.## #.....).#
##....)o.##
#...oo....#
##.........##
#######.....⌠.....#
##.....##.)......o##
#.......#.........#
##.......##.......##


You could see an orc warlord, 2 orc knights and 3 orc warriors.

Vanquished Creatures
  An orc knight (Bailey)
  A two-headed ogre (D:8)
  A hippogriff (D:7)
  2 sky beasts
  Duvessa (D:6)
  7 orc warriors
  An ogre (D:7)
  5 giant frogs
  Dowan (D:6)
  4 scorpions
  A crimson imp (D:6)
  A quasit (D:7)
  3 hounds
  2 giant frog skeletons
  3 orc wizards
  A centaur skeleton (D:6)
  An iguana (D:7)
  2 worker ants
  A howler monkey skeleton (D:4)
  10 adders
  11 gnolls
  A river rat (D:3)
  2 shadow imps
  An ooze (D:5)
  4 worms
  A dart slug (D:2)
  4 giant geckos
  15 orcs
  4 ball pythons
  8 giant cockroaches
  20 hobgoblins
  22 jackals
  3 quokkas
  15 bats
  A giant gecko skeleton (D:6)
  15 giant newts
  18 goblins
  8 kobolds
  4 rats
  A plant (D:4)
207 creatures vanquished.

Vanquished Creatures (others)
  7 fungi (D:4)
7 creatures vanquished.

Grand Total: 214 creatures vanquished

Notes
Turn   | Place    | Note
--------------------------------------------------------------
     0 | D:1      | juanjsm the Spriggan Enchanter began the quest for the Orb.
     0 | D:1      | Reached XP level 1. HP: 9/9 MP: 5/5
   110 | D:1      | Reached XP level 2. HP: 7/13 MP: 2/7
   114 | D:1      | Learned a level 2 spell: Ensorcelled Hibernation
   518 | D:1      | Reached skill level 5 in Stealth
   609 | D:1      | Reached XP level 3. HP: 16/16 MP: 3/8
   614 | D:1      | Learned a level 3 spell: Confuse
   951 | D:3      | Reached XP level 4. HP: 21/21 MP: 2/10
   958 | D:3      | Learned a level 3 spell: Dazzling Spray
  1058 | D:3      | You fall through a shaft for 3 floors!
  1314 | D:7      | Reached skill level 6 in Stealth
  1314 | D:7      | Reached XP level 5. HP: 25/25 MP: 11/11
  1370 | D:5      | Entered Level 5 of the Dungeon
  1504 | D:3      | Found a glowing drain.
  1514 | Sewer    | Entered a sewer
  1545 | Sewer    | Reached skill level 1 in Shields
  1751 | Sewer    | Reached skill level 1 in Fighting
  1751 | Sewer    | Reached skill level 7 in Stealth
  1751 | Sewer    | Reached XP level 6. HP: 25/30 MP: 7/12
  2043 | D:2      | Found a burning altar of Makhleb.
  2231 | D:2      | Found a blossoming altar of Fedhas.
  3007 | D:4      | Reached skill level 1 in Ice Magic
  3151 | D:4      | Found a white marble altar of Elyvilon.
  3155 | D:4      | Found a staircase to the Ecumenical Temple.
  3166 | D:5      | Noticed a sky beast
  3181 | Temple   | Entered the Ecumenical Temple
  3208 | Temple   | Became a worshipper of Ashenzari the Shackled
  3520 | D:4      | Reached XP level 7. HP: 33/33 MP: 14/14
  4015 | D:5      | Reached skill level 8 in Stealth
  4015 | D:5      | Reached skill level 5 in Hexes
  4029 | D:5      | Found a deep blue altar of Sif Muna.
  4035 | D:5      | Reached skill level 5 in Spellcasting
  4069 | D:5      | Reached skill level 5 in Dodging
  4288 | D:5      | Reached XP level 8. HP: 39/39 MP: 1/16
  4504 | D:6      | Reached skill level 9 in Stealth
  4535 | D:6      | Noticed Duvessa
  4601 | D:6      | Found a basalt altar of Yredelemnul.
  4669 | D:7      | Reached * piety under Ashenzari
  5069 | D:6      | Noticed Dowan
  5243 | D:6      | Killed Duvessa
  5251 | D:6      | Killed Dowan
  5251 | D:6      | Reached skill level 10 in Stealth
  5760 | D:8      | Noticed a two-headed ogre
  5765 | D:8      | Killed a two-headed ogre
  5765 | D:8      | Reached XP level 9. HP: 29/43 MP: 10/19
  5775 | D:8      | Found a sparkling altar of Nemelex Xobeh.
  5816 | D:8      | Found a flagged portal.
  5830 | Bailey   | Entered a bailey
  5933 | Bailey   | Reached skill level 11 in Stealth
  6649 | Bailey   | Noticed an orc warlord
  6650 | Bailey   | Noticed an orc knight
  6650 | Bailey   | Noticed an orc knight
  6654 | Bailey   | Noticed an orc knight
  6678 | Bailey   | HP: 2/43 [orc warlord/great mace (33)]
  6731 | Bailey   | Killed an orc knight
  6732 | Bailey   | Demolished by an orc warlord

Skill      XL: |  1  2  3  4  5  6  7  8  9 |
---------------+----------------------------+-----
Hexes          | 4 5 6 |  6.1
Spellcasting   | 3 4 5 6 7 |  7.1
Stealth        | 5 6 7 8 10 11 | 11.5
Dodging        | 4 5 6 7 |  7.1
Shields        | 1 2 3 |  3.1
Fighting       | 1 2 3 |  3.1
Short Blades   | 2 3 4 |  4.4
Ice Magic      | 1 |  1.7
Conjurations   | |  0.1

Action                   |  1- 3 |  4- 6 |  7- 9 || total
-------------------------+-------+-------+-------++-------
Melee: Dagger            |    83 |   173 |   390 ||   646
 Cast: Corona            |    11 |     2 |       ||    13
       Ensorcelled Hiber |    15 |    42 |    69 ||   126
       Confuse           |       |       |    15 ||    15
       Dazzling Spray    |       |       |     7 ||     7
Invok: Curse Item        |       |     1 |     2 ||     3
  Use: Scroll            |       |     1 |    11 ||    12
       Potion            |       |       |     1 ||     1
 Stab: Sleeping          |    18 |    56 |    56 ||   130
       Distracted        |       |     1 |     1 ||     2
       Confused          |       |       |     4 ||     4
       Invisible         |       |       |     3 ||     3
  Eat: Pizza             |       |     1 |       ||     1
       Bread ration      |       |       |     1 ||     1
Armor: Robe              |    14 |    24 |    10 ||    48
Dodge: Dodged            |    72 |   134 |   172 ||   378
Block: Other             |       |     2 |    29 ||    31
